Match 38786457
Unlisted

Match 38786457
End
Engineer Squad
Construct Weapon Support Center
Selects Advanced Infantry Battlegroup
M1919 Machine Gun Team
Construct Barracks
Riflemen Squad
Grenade Package
Mechanized Support Center
Selects Convert to Ranger Squad
Ranger Squad
.30 cal Machine Gun
Selects Frontline Medical Station
Frontline Medical Station
Construct Tank Depot
Selects Ammunition Storage
M4A1 Sherman Medium Tank
Selects Infantry Assault
Engineer Squad
Riflemen Squad
Infantry Assault
M4A1 76mm Conversion
Improvised Armor
Designate Forward Repair Station
Rapid Repairs
Selects M2A1 105mm Howitzer Emplacement
Improved M9 Bazooka Rockets
.30 cal Machine Gun
JJsKaoS
ConcernedApe
天涯
UBERdumpster
GreenOryx
Noaimlole
Hummel
阿克江
0
0

Comments sign in to comment!

No comments posted yet!